 Dungeon Crawl Stone Soup version 0.27-a0-1140-g099f9bb0e8 (webtiles) character file.

Game seed: 278424133577918114

8 freelancePsychic the Skirmisher (level 2, 14/14 HPs)
             Began as a Vine Stalker Fighter on May 9, 2021.
             Was a Follower of Hepliaklqana.
             Quit the game on level 1 of the Dungeon.
             The game lasted 00:00:53 (333 turns).

freelancePsychic the Skirmisher (VSFi)               Turns: 333, Time: 00:00:53

Health: 14/14      AC:  6    Str: 18    XL:     2   Next: 8%
Magic:  3/3        EV:  7    Int:  8    God:    Hepliaklqana [*.....]
Gold:   0          SH:  9    Dex: 13    Spells: 1/1 levels left

rFire    . . .     SeeInvis .   a - +0 rapier
rCold    . . .     Faith    .   c - +0 kite shield
rNeg     . . .     Spirit   +   b - +0 scale mail
rPois    .         Reflect  .   (no helmet)
rElec    .         Harm     .   (no cloak)
rCorr    .         Rampage  .   (no gloves)
Will     .....                  (no boots)
Stlth    ..........             (no amulet)
HPRegen  0.04/turn              (no ring)
MPRegen  0.08/turn              (no ring)

@: no status effects
A: reduced essence, fangs 2, magic shield, antimagic bite, no potion heal 2
a: Renounce Religion, Recall Ancestor, Ancestor Identity


You were on level 1 of the Dungeon.
You worshipped Hepliaklqana.
Hepliaklqana was aware of your devotion.
You visited 1 branch of the dungeon, and saw 1 of its levels.

Inventory:

Hand Weapons
 a - a +0 rapier (weapon)
Armour
 b - a +0 scale mail (worn)
 c - a +0 kite shield (worn)
Potions
 d - a potion of might


   Skills:
 + Level 3.0 Fighting
 + Level 2.1 Short Blades
 - Level 2.4 Armour
 - Level 2.6 Shields


You had one spell level left.
You didn't know any spells.
Your spell library was empty.

Dungeon Overview and Level Annotations

Branches:
Dungeon (1/15)

Altars:
Hepliaklqana


Innate Abilities, Weirdness & Mutations

Your life essence is reduced to manifest your ancestor. (-10% HP)
You have extremely sharp teeth.
When hurt, damage is shared between your health and your magic reserves.
Your bite disrupts and absorbs the magic of your enemies.
Potions cannot restore your health.


Message History

You are too injured to fight recklessly!
You puncture the endoplasm!
You kill the endoplasm!
The hobgoblin hits you.
A kobold comes into view. It is wielding a +0 dagger.
The kobold shouts!
The hobgoblin hits you.
* * * LOW HITPOINT WARNING * * *
Found 15 gold pieces.
You see here a hobgoblin corpse.
The hobgoblin hits you but does no damage.
Zolin closely misses the hobgoblin.
You are too injured to fight recklessly!
The hobgoblin barely misses you.
Zolin hits the hobgoblin but does no damage.
The hobgoblin hits you.
* * * LOW HITPOINT WARNING * * *
Zolin barely misses the hobgoblin.
You hit the kobold.
You kill the kobold!
You block the hobgoblin's attack.
Zolin hits the hobgoblin.
You have reached level 2!
The hobgoblin hits something.
You see here a +0 dagger.
Remember Zolin's name as what?
Zolin
Okay, then.
Was Zolin a) male, b) female, or c) neither? (Currently male.)
Okay, then.
The hobgoblin hits Zolin.
Zolin is destroyed!
You hit the hobgoblin.
You kill the hobgoblin!
Your Fighting skill increases to level 3!
You start resting.
Magic restored.
You start resting.
Zolin emerges from the mists of memory!
You start resting.
HP restored.
Are you sure you want to abandon this character and quit the game? (Confirm with "yes".)

#..... #....#
#....### ......#
.....# #$...#
##.R..# #..@..#
#[.÷#######+######
#................#
#...÷###.........#
#....# #.........#
#....# #.........#
#....# #.........#
#....# #......)..#
#....# #.^.......#


You could see the friendly Zolin the ancestor.

Vanquished Creatures
  An endoplasm (D:1)
  3 hobgoblins (D:1)
  2 kobolds (D:1)
6 creatures vanquished.

Vanquished Creatures (collateral kills)
  An endoplasm (D:1)
1 creature vanquished.

Vanquished Creatures (others)
  An ancestor (D:1)
1 creature vanquished.

Grand Total: 8 creatures vanquished

Notes
Turn   | Place    | Note
-------+----------+-------------------------------------------
     0 | D:1      | freelancePsychic the Vine Stalker Fighter began the quest
                  | for the Orb.
     0 | D:1      | Reached XP level 1. HP: 11/11 MP: 2/2
    11 | D:1      | Found a faded altar of an unknown god.
    22 | D:1      | Became a worshipper of Hepliaklqana the Forgotten
    22 | D:1      | Reached * piety under Hepliaklqana
    57 | D:1      | Reached XP level 2. HP: 2/14 MP: 0/3
    61 | D:1      | Reached skill level 3 in Fighting
   333 | D:1      | Quit the game

Illustrated notes

Levels and vault maps discovered:
D:1:      lightli_arrival_boilingwater, layout_basic,
          ebering_ecumenical_altar_webs, minmay_misc_feat_tiny

Skill      XL: |  1  2 |
---------------+-------+-----
Short Blades   | 2 |  2.1
Fighting       | 3 |  3.0
Armour         | |  2.4
Shields        | |  2.6

Action                   || total
-------------------------++-------
Melee: Rapier            ||    13
       Bite              ||     2
Invok: Ancestor Identity ||     1
Armor: Scale mail        ||     5
Dodge: Dodged            ||     4
Block: Kite shield       ||    12

Table legend: (Time is in decaauts)
 A = Elapsed time spent in this place.
 B = Non-inter-level travel time spent in this place.
 C = Inter-level travel time spent in this place.
 D = Time resting spent in this place.
 E = Time spent auto-exploring this place.
 F = Levels seen in this place.
 G = Mean time per level.
                   A        B        C        D        E       F      G
               +--------+--------+--------+--------+--------+-----+--------+
         Total |    339 |    339 |      0 |    272 |     26 |   1 |  339.0 |
       Dungeon |    339 |    339 |      0 |    272 |     26 |   1 |  339.0 |
               +--------+--------+--------+--------+--------+-----+--------+

Top non-repeatable levels by time:
     D:1: 339 daAuts
